 Dungeon Crawl Stone Soup version 0.27-a0-522-g46bbb28828 (webtiles) character file.

Game seed: 2185813057710701041

125 kae the Chopper (level 5, -3/47 HPs)
             Began as a Hill Orc Fighter on Mar 5, 2021.
             Killed by divine providence
             ... invoked by an orc priest
              (13 damage)
             ... on level 2 of the Dungeon.
             The game lasted 00:01:18 (1949 turns).

kae the Chopper (Hill Orc Fighter)                  Turns: 1949, Time: 00:01:18

Health: -3/47      AC:  8    Str: 20    XL:     5   Next: 9%
Magic:  5/5        EV:  7    Int:  8    God:
Gold:   84         SH:  9    Dex: 10    Spells: 4/4 levels left

rFire    . . .     SeeInvis .   a - +0 war axe
rCold    . . .     Faith    .   c - +0 kite shield
rNeg     . . .     Spirit   .   b - +1 scale mail
rPois    .         Reflect  .   (no helmet)
rElec    .         Harm     .   (no cloak)
rCorr    .         Rampage  .   (no gloves)
Will     .....                  (no boots)
Stlth    ..........             (no amulet)
HPRegen  0.15/turn              (no ring)
MPRegen  0.09/turn              (no ring)

@: no status effects
A: no striking features
a: Convert to Beogh


You were on level 2 of the Dungeon.
You visited 1 branch of the dungeon, and saw 2 of its levels.

You collected 84 gold pieces.

Inventory:

Hand Weapons
 a - a +0 war axe (weapon)
Armour
 b - a +1 scale mail (worn)
 c - a +0 kite shield (worn)
Jewellery
 h - an amulet of faith
Scrolls
 f - a scroll of fear {unknown}
 i - a scroll of enchant armour
Potions
 d - a potion of might
 e - a potion of haste {unknown}
 g - a potion of magic {unknown}
 j - a potion of ambrosia {unknown}


   Skills:
 + Level 4.6 Fighting
 * Level 5.1 Axes
 + Level 4.1 Armour
 - Level 3.2 Shields


You had 4 spell levels left.
You didn't know any spells.
Your spell library was empty.

Dungeon Overview and Level Annotations

Branches:
Dungeon (2/15)

Altars:
Ashenzari


Message History

A quokka comes into view.
Things that are here:
a +0 war axe; an orc corpse The quokka bites you but does no damage.
You barely miss the quokka.
An orc priest comes into view. It is wielding a +0 flail.
You block the quokka's attack.
There are monsters nearby!
Your shield and scale mail prevent you from hitting the quokka.
The orc priest shouts, "Beogh is our master!
Accept the truth or die!" (press Y on the ability menu to convert to Beogh)
The orc priest shouts!
You hear a shout!
The quokka barely misses you.
The orc priest invokes the aid of Beogh against you.
Beogh smites you! You block the quokka's attack.
You are too injured to fight recklessly!
You are too injured to fight recklessly!
You are too injured to fight recklessly!
You are too injured to fight recklessly!
You are too injured to fight recklessly!
You closely miss the quokka. You block the quokka's attack.
The quokka bites you but does no damage.
You closely miss the quokka.
The quokka bites you but does no damage.
The quokka barely misses you.
You closely miss the quokka.
An orc priest comes into view. It is wielding a +0 whip.
The quokka bites you.
You miss the quokka. You closely miss the orc priest. The quokka bites you.
You block the orc priest's attack. You block the quokka's attack.
The orc priest calls down the wrath of Beogh upon you.
Beogh smites you!
* * * LOW HITPOINT WARNING * * *
You slash the quokka!
You kill the quokka!
You closely miss the orc priest.
The orc priest hits you but does no damage. x2
The orc priest invokes the aid of Beogh against you.
Beogh smites you!
You die...

#.#.......# #
#.#.......########
########.#.............##
.........................
.........#......######...
#######..#......# ###.
#######.[#.....)# #..
......#))#......#### #..
#...@..#####)..# #..
......#..#.# #.#.####.)
...#..#.o#.# #.#.......
..... ...# # #.#######.
.......## #.# #.
.......o. #.# #.
...#..#.# #.# ###. ...#.#
#†#####... ###.#.#
#.#...#...


You could see 2 orc priests.

Vanquished Creatures
  Robin (D:2)
  2 adders (D:2)
  4 gnolls
  A worm (D:2)
  4 orcs (D:2)
  3 giant cockroaches
  13 goblins
  7 hobgoblins
  A quokka (D:2)
  5 bats
  4 kobolds
  4 rats
49 creatures vanquished.

Notes
Turn   | Place    | Note
-------+----------+-------------------------------------------
     0 | D:1      | kae the Hill Orc Fighter began the quest for the Orb.
     0 | D:1      | Reached XP level 1. HP: 19/19 MP: 1/1
   148 | D:1      | Reached skill level 3 in Axes
   228 | D:1      | Reached XP level 2. HP: 26/27 MP: 2/2
   323 | D:1      | Found a broken altar of Ashenzari.
   775 | D:1      | Reached XP level 3. HP: 33/33 MP: 3/3
   846 | D:2      | Reached skill level 4 in Axes
  1049 | D:2      | Noticed Robin
  1353 | D:2      | Reached XP level 4. HP: 28/40 MP: 4/4
  1703 | D:2      | Killed Robin
  1751 | D:2      | Reached skill level 5 in Axes
  1828 | D:2      | Reached XP level 5. HP: 47/47 MP: 5/5
  1949 | D:2      | Killed from afar by an orc priest

Illustrated notes

Levels and vault maps discovered:
D:1:      evilmike_arrival_hilbert_curve, layout_basic, ashenzari_altar_1
D:2:      cheibrodos_pilgrimage, layout_basic, grunt_decor_arrowhead,
          glass_columns_a, uniq_robin, uniq_terence

Skill      XL: |  1  2  3  4 |
---------------+-------------+-----
Axes           | 3 4 5 |  5.1
Fighting       | 4 |  4.6
Armour         | 4 |  4.1
Shields        | |  3.2

Action                   |  1- 3 |  4- 6 || total
-------------------------+-------+-------++-------
Melee: War axe           |    88 |    57 ||   145
  Use: Scroll            |     1 |       ||     1
Armor: Scale mail        |    58 |    34 ||    92
Dodge: Dodged            |    47 |    21 ||    68
Block: Kite shield       |    72 |    37 ||   109

Table legend: (Time is in decaauts)
 A = Elapsed time spent in this place.
 B = Non-inter-level travel time spent in this place.
 C = Inter-level travel time spent in this place.
 D = Time resting spent in this place.
 E = Time spent auto-exploring this place.
 F = Levels seen in this place.
 G = Mean time per level.
                   A        B        C        D        E       F      G
               +--------+--------+--------+--------+--------+-----+--------+
         Total |   2032 |   2018 |     14 |    574 |   1087 |   2 | 1016.0 |
       Dungeon |   2032 |   2018 |     14 |    574 |   1087 |   2 | 1016.0 |
               +--------+--------+--------+--------+--------+-----+--------+

Top non-repeatable levels by time:
     D:1: 1472 daAuts
     D:2: 559 daAuts
